AoeStats
← Potake26

Black Forest

506578139Analyzed
3v3 RM · 17d ago on Sep 14, 2026· 49m 59s· 6 players
Game mode
Random Map
Map size
Normal (6 player)
Population
200
Speed
Normal
Resources
Standard
Victory
Conquest
Starting age
Dark Age
Ending age
Imperial Age
RankedLock teamsTeams togetherTeam positionsShared explorationLock speedFull tech treeHidden civsTurbo modeCheats
Victory
Defeat
🇨🇳 Wei · China
798
+11
🇲🇽 Mongols · Mexico
764
+13
🇲🇽 Malay · Mexico
697
+15
🇺🇸 Khmer · United States
720
-14
🇺🇸 Spanish · United States
686
-13
🇺🇸 Persians · United States
673
-12
Potake26
0:27 Loom
13:48 Feudal Age
14:26 Horse Collar
14:37 Double-Bit Axe
16:21 Gold Mining
22:26 Castle Age
20:34 Stone Mining
23:03 Wheelbarrow
23:50 Bow Saw
24:39 Hand Cart
24:46 Heavy Plow
27:28 Forging
27:24 Scale Barding Armor
28:10 Husbandry
28:23 Bloodlines
39:44 Imperial Age
38:41 Fletching
41:03 Gold Shaft Mining
41:06 Stone Shaft Mining
41:17 Elite Ballista Elephant
42:21 Conscription
43:43 Caravan
47:44 Fortified Wall
48:35 Chemistry
47:57 Ballistics
47:41 Double Crossbow
47:55 Pikeman
MINNY MITT
0:27 Loom
12:31 Feudal Age
13:15 Town Watch
15:02 Double-Bit Axe
18:22 Horse Collar
24:50 Castle Age
24:32 Stone Mining
24:38 Gold Mining
25:45 Town Patrol
30:46 Fortified Wall
32:25 Wheelbarrow
33:41 Bloodlines
33:32 Husbandry
33:43 Scale Barding Armor
33:49 Forging
33:39 Scale Mail Armor
33:50 Heavy Plow
39:24 Imperial Age
37:20 Caravan
38:31 Chain Barding Armor
38:49 Iron Casting
41:08 Chemistry
40:52 Conscription
40:01 Cavalier
41:01 Elite Conquistador
42:56 Arrowslits
44:51 Murder Holes
45:38 Plate Barding Armor
QuackAttack1818
0:28 Loom
16:28 Feudal Age
18:35 Double-Bit Axe
22:56 Horse Collar
33:04 Wheelbarrow
40:04 Castle Age
38:36 Stone Mining
38:37 Gold Mining
44:12 Bow Saw
45:16 Stone Shaft Mining
47:19 Hand Cart
Malefactor
1:09 Loom
14:07 Feudal Age
16:09 Double-Bit Axe
16:25 Gold Mining
20:19 Wheelbarrow
19:59 Horse Collar
20:15 Gold Mining
22:34 Castle Age
20:39 Man-at-Arms
21:45 Stone Mining
22:11 Forging
22:50 Caravan
23:50 Bow Saw
23:41 Heavy Plow
24:17 Gold Shaft Mining
26:40 Wheelbarrow
27:13 Squires
28:38 Hand Cart
30:14 Stone Shaft Mining
29:52 Long Swordsman
30:34 Husbandry
30:49 Pikeman
31:57 Scale Barding Armor
32:28 Iron Casting
33:20 Town Watch
33:27 Fletching
37:29 Imperial Age
35:03 Padded Archer Armor
35:46 Town Patrol
36:39 Leather Archer Armor
37:53 Crop Rotation
38:30 Blast Furnace
37:20 Arson
38:24 Ballistics
39:32 Forced Levy
39:53 Conscription
40:05 Bodkin Arrow
40:24 Masonry
39:55 Treadmill Crane
41:18 Chemistry
40:36 Siege Engineers
39:57 Two-Handed Swordsman
42:12 Ring Archer Armor
42:42 Bracer
42:07 Halberdier
44:14 Redemption
46:27 Murder Holes
46:23 Heated Shot
raul_ruizv
0:54 Loom
13:04 Feudal Age
14:45 Horse Collar
20:15 Double-Bit Axe
21:15 Forging
30:21 Stone Mining
31:46 Gold Mining
36:03 Castle Age
38:56 Bow Saw
38:48 Heavy Plow
39:22 Nomads
39:22 Fletching
40:13 Bodkin Arrow
41:04 Gold Shaft Mining
41:07 Stone Shaft Mining
44:02 Imperial Age
43:52 Wheelbarrow
44:56 Caravan
45:18 Elite Mangudai
46:46 Hand Cart
48:07 Onager
51:28 Chemistry
50:49 Ballistics
331165679
11:16 Feudal Age
12:03 Double-Bit Axe
12:01 Horse Collar
15:01 Gold Mining
20:34 Castle Age
19:04 Stone Mining
19:21 Padded Archer Armor
19:11 Fletching
19:31 Scale Barding Armor
19:37 Forging
21:08 Padded Archer Armor
20:58 Fletching
21:15 Heavy Plow
21:28 Bow Saw
22:18 Gold Shaft Mining
22:40 Stone Shaft Mining
26:01 Wheelbarrow
27:38 Hand Cart
33:54 Imperial Age
31:39 Tuntian
32:09 Chain Barding Armor
32:26 Iron Casting
31:37 Treadmill Crane
32:19 Ballistics
32:11 Fortified Wall
35:14 Conscription
35:22 Ming Guang Armor
34:21 Elite Tiger Cavalry
35:37 Hoardings
36:41 Crop Rotation
37:58 Blast Furnace
37:20 Capped Ram
38:47 Caravan
38:41 Siege Ram
39:50 Husbandry
40:01 Bloodlines
41:19 Onager
Connection lost

Rejoining the realm…

Still unreachable

The connection could not be restored.

Session expired

The server has moved on; the page needs a fresh start.